 Dungeon Crawl Stone Soup version 0.26-a0-27-g1f0226971c (webtiles) character file.

Game seed: 15784583253651942943, levelgen mode: deterministic

23728 vurker the Geomancer (level 13, -10/90 HPs)
             Began as an Octopode Earth Elementalist on May 27, 2020.
             Was an Elder of Vehumet.
             Mangled by a jumping spider (11 damage)
             ... on level 3 of the Lair of Beasts.
             The game lasted 00:27:00 (17820 turns).

vurker the Geomancer (Octopode Earth Elementalist) Turns: 17820, Time: 00:27:01

Health: -10/90     AC:  1    Str:  8    XL:     13   Next: 8%
Magic:  15/38      EV:  7    Int: 27    God:    Vehumet [****..]
Gold:   837        SH:  0    Dex: 12    Spells: 16/36 levels left

rFire    . . .     SeeInvis +   o - +5 falchion of Weimia {freeze, Int+5}
rCold    . . .     Gourm    .   u - +0 buckler
rNeg     . . .     Faith    .   (helmet restricted)
rPois    .         Spirit   .   G - amulet of reflection
rElec    .         Reflect  +   B - ring of see invisible
rCorr    .         Harm     .   E - ring of magical power
MR       .....                  (no ring)
Stlth    +++.......             (no ring)
HPRegen  0.25/turn              (no ring)
MPRegen  0.26/turn              (no ring)
                                (no ring)
                                (no ring)

@: about to teleport, held
A: almost no armour, stealthy swim, amphibious, 8 rings, constrict 8, camouflage
1, gelatinous body 1
a: Renounce Religion


You were on level 3 of the Lair of Beasts.
You worshipped Vehumet.
Vehumet was greatly pleased with you.
You were not hungry.

You visited 3 branches of the dungeon, and saw 15 of its levels.

You collected 837 gold pieces.

Inventory:

Hand Weapons
 o - the +5 falchion of Weimia (weapon) {freeze, Int+5}
   (You found it on level 4 of the Dungeon)

   It has been specially enchanted to freeze those struck by it, causing extra
   injury to most foes and up to half again as much damage against particularly
   susceptible opponents.
   It can also slow down cold-blooded creatures.
   It affects your intelligence (+5).
Missiles
 b - 80 stones (quivered)
 w - 6 throwing nets
Armour
 u - a +0 buckler (worn)
   (You found it on level 6 of the Dungeon)
Jewellery
 B - a ring of see invisible (left tentacle)
   (You found it on level 7 of the Dungeon)
 E - a ring of magical power (right tentacle)
   (You found it on level 8 of the Dungeon)
 G - an amulet of reflection (around mantle)
   (You found it on level 8 of the Dungeon)
Wands
 c - a wand of disintegration (19)
   (You found it on level 8 of the Dungeon)
 d - a wand of iceblast (16)
   (You found it on level 4 of the Dungeon)
 t - a wand of clouds (4)
   (You found it on level 3 of the Dungeon)
 v - a wand of digging (5)
   (You found it on level 9 of the Dungeon)
 y - a wand of enslavement (14)
   (You found it on level 4 of the Dungeon)
 F - a wand of polymorph (40)
   (You found it on level 9 of the Dungeon)
Scrolls
 f - a scroll of fog
 i - 3 scrolls of magic mapping
 l - 6 scrolls of teleportation
 n - 13 scrolls of remove curse
Potions
 a - 3 potions of flight
 g - 10 potions of curing
 h - a potion of invisibility {unknown}
 j - a potion of mutation {unknown}
 m - 4 potions of magic
 p - 2 potions of ambrosia {unknown}
 q - 4 potions of heal wounds
 r - 2 potions of degeneration {unknown}
 s - a potion of cancellation {unknown}
 x - a potion of brilliance {unknown}
 A - 2 potions of lignification {unknown}
 C - a potion of resistance {unknown}
 H - 4 potions of haste
Comestibles
 e - 22 rations
 k - 11 chunks of flesh


   Skills:
 + Level 9.4 Fighting
 - Level 2.0 Dodging
 - Level 2.6 Stealth
 - Level 4.0 Shields
 * Level 12.2 Spellcasting
 - Level 3.0 Conjurations
 * Level 2.0 Transmutations
 * Level 13.2 Earth Magic


You had 16 spell levels left.
You knew the following spells:

 Your Spells              Type           Power        Failure   Level  Hunger
a - Sandblast             Erth           ######       0%          1    None
b - Stone Arrow           Conj/Erth      ######       1%          3    None
c - Shatter               Erth           ######....   96%         9    #######
q - Passwall              Tmut/Erth      ######..     1%          2    None
z - Lee's Rapid Deconstr  Erth           ######....   1%          5    ###....

Your spell library contained the following spells:

 Spells                   Type           Power        Failure   Level  Hunger
 Bolt of Magma            Conj/Fire/Erth #####.....   3%          5    ###....
 Magic Dart               Conj           ####         1%          1    None
 Conjure Flame            Conj/Fire      ###.....     1%          3    None
 Mephitic Cloud           Conj/Pois/Air  ###.....     1%          3    None
 Static Discharge         Conj/Air       ###.....     1%          3    None
 Petrify                  Tmut/Erth      ######..     1%          4    None
 Leda's Liquefaction      Hex/Erth       ######....   2%          4    None
 Animate Skeleton         Necr           N/A          3%          1    None
 Pain                     Necr           ###.         3%          1    None
 Summon Small Mammal      Summ           ###.         3%          1    None
 Blink                    Tloc           N/A          5%          2    None
 Call Imp                 Summ           ###.....     5%          2    None
 Slow                     Hex            ###.....     5%          2    None
 Fulminant Prism          Conj/Hex       ###.......   5%          4    None
 Iron Shot                Conj/Erth      ######....   5%          6    #####..
 Irradiate                Conj/Tmut      ####......   10%         5    ###....
 Call Canine Familiar     Summ           ###.....     11%         3    None
 Summon Guardian Golem    Hex/Summ       ###.....     11%         3    None
 Tukima's Dance           Hex            ###.....     11%         3    None
 Vampiric Draining        Necr           ###.......   11%         3    None
 Lightning Bolt           Conj/Air       ###.......   13%         5    ###....
 Statue Form              Tmut/Erth      ######...    22%         6    #####..
 Animate Dead             Necr           N/A          34%         4    None
 Summon Ice Beast         Ice/Summ       ###.....     34%         4    None
 Summon Lightning Spire   Summ/Air       ###.....     34%         4    None
 Alistair's Intoxication  Tmut/Pois      ###.....     54%         5    ###....
 Agony                    Necr           ###.....     67%         5    ###....
 Hydra Form               Tmut           ####......   93%         6    #####..
 Dragon Form              Tmut           ####......   100%        7    ######.
 Ignition                 Fire           ###.......   100%        8    #######
 Tornado                  Air            ###.......   100%        9    #######


Dungeon Overview and Level Annotations

Branches:
Dungeon (11/15)            Temple (1/1) D:5            Lair (3/6) D:11
  Swamp: Lair:2-4    Shoals: Lair:2-4     Snake: Lair:2-4    Spider: Lair:2-4
    Orc: D:9-12

Altars:
Ashenzari
Cheibriados
Dithmenos
Elyvilon
Fedhas
Gozag
Kikubaaqudgha
Nemelex Xobeh
Okawaru
Qazlal
Ru
Trog
Uskayaw
Vehumet
Zin
The Shining One

Shops:
D:6 *[

Portals:
Trove: D:11 (show slimy rune of Zot)


Innate Abilities, Weirdness & Mutations

You cannot wear most types of armour.
You are very stealthy in the water. (Stealth+)
You are amphibious.
You can wear up to eight rings at the same time.
You can use your tentacles to constrict eight enemies at once.
Your skin changes colour to match your surroundings (Stealth+).
Your rubbery body absorbs attacks. (AC +1, EV +1)


Message History

Aim: a jumping spider (heavily wounded)
The stone arrow hits the jumping spider!
The jumping spider pounces on you!
* * * LOW HITPOINT WARNING * * *
The jumping spider closely misses you.
Aim: a jumping spider (almost dead)
The stone arrow hits the jumping spider!!
You kill the jumping spider!
Vehumet accepts your kill.
Your Transmutations skill increases to level 2!
The jumping spider leaps!
Aim: a jumping spider The stone arrow misses the jumping spider.
Aim: a jumping spider The stone arrow hits the jumping spider!
A jumping spider comes into view.
The jumping spider closely misses you. The jumping spider bites you.
* * * LOW HITPOINT WARNING * * *
A jumping spider comes into view.
Aim: a jumping spider (moderately wounded)
The blast of sand hits the jumping spider!
b - 82 stones The jumping spider hisses angrily. x2; You hear an angry hiss.
You block the jumping spider's attack. The jumping spider bites you.
* * * LOW HITPOINT WARNING * * *
You block the jumping spider's attack.
The jumping spider completely misses you.
Aim: a jumping spider (severely wounded)
The blast of sand hits the jumping spider!
b - 81 stones The jumping spider leaps!
The jumping spider pounces on you.
* * * LOW HITPOINT WARNING * * *
The jumping spider bites you.
* * * LOW HITPOINT WARNING * * *
The jumping spider leaps!
A jumping spider comes into view.
Aim: a jumping spider (almost dead)
The blast of sand hits the jumping spider but does no damage.
b - 80 stones The jumping spider leaps! x2
As you read the scroll of teleportation, it crumbles to dust.
You feel strangely unstable. You block the jumping spider's attack.
The jumping spider bites you.
* * * LOW HITPOINT WARNING * * *
The jumping spider pounces on you!!
* * * LOW HITPOINT WARNING * * *
You are caught in a web!
The jumping spider bites you!
* * * LOW HITPOINT WARNING * * *
The jumping spider pounces on you!
You die...

### ..# ..## # #..####
### ### .#
......###.###.### ...
.......#....#...####s..#
..#.........#......s....
......÷..........s....#
P..............s@P..(.#
##..........##..○.#####
#.##.......###.###
#####....#.# .##
#.######.## ## ##


You could see 4 jumping spiders.

Vanquished Creatures
  Harold (Lair:2)
  3 hydras
  2 two-headed ogres
  2 cyclopes (D:11)
  A manticore (D:11)
  A torpor snail (Lair:1)
  A black mamba (Lair:2)
  5 spiny frogs
  A gargoyle (D:10)
  A kobold demonologist (D:11)
  A centaur skeleton (D:11)
  2 komodo dragons (Lair:1)
  A guardian mummy (D:11)
  2 trolls
  A jumping spider (Lair:3)
  4 blink frogs (Lair:1)
  Prince Ribbit (D:7)
  4 hippogriffs
  A shadow (D:11)
  A wraith (D:11)
  A wyvern (D:11)
  38 yaks
  A hungry ghost (D:3)
  3 basilisks
  12 water moccasins
  An acid dragon (D:11)
  4 porcupines
  A hornet zombie (D:7)
  2 orc warriors
  A black bear (D:8)
  4 ice beasts
  2 phantoms
  4 ogres
  2 centaurs
  7 crocodiles
  An eye of draining (D:7)
  13 bullfrogs
  A wyvern zombie (D:9)
  A scorpion (D:9)
  A wyvern skeleton (D:9)
  A water moccasin skeleton (D:5)
  6 howler monkeys
  2 bullfrog zombies
  7 crimson imps
  3 hounds
  2 quasits
  2 bullfrog skeletons
  2 jellies
  An orc priest (D:9)
  5 orc wizards
  3 iguanas
  8 worker ants
  A hound skeleton (D:6)
  A howler monkey zombie (D:5)
  2 worker ant zombies
  4 gnolls
  20 adders
  2 shadow imps
  An ooze (D:3)
  An adder skeleton (D:9)
  2 adder zombies (D:5)
  2 worms
  3 leopard geckos
  43 orcs
  5 giant cockroaches
  10 goblins
  6 hobgoblins
  15 jackals
  4 quokkas
  A ball python skeleton (D:2)
  A ball python zombie (D:6)
  8 bats
  3 frilled lizards
  8 kobolds
  7 rats
328 creatures vanquished.

Vanquished Creatures (others)
  A fungus (Lair:2)
  2 plants
3 creatures vanquished.

Grand Total: 331 creatures vanquished

Notes
Turn   | Place    | Note
-------+----------+-------------------------------------------
     0 | D:1      | vurker the Octopode Earth Elementalist began the quest for
                  | the Orb.
     0 | D:1      | Reached XP level 1. HP: 11/11 MP: 3/3
    17 | D:1      | You fall into a shaft and drop 1 floor!
   343 | D:1      | Reached XP level 2. HP: 18/18 MP: 5/5
   783 | D:2      | Reached XP level 3. HP: 22/22 MP: 3/6
   791 | D:2      | Reached skill level 1 in Fighting
  1306 | D:2      | Reached XP level 4. HP: 28/28 MP: 6/8
  1313 | D:2      | Found a glowing golden altar of the Shining One.
  1399 | D:2      | Found a faded altar of an unknown god.
  2252 | D:3      | Noticed a hungry ghost
  2265 | D:3      | Killed a hungry ghost
  2265 | D:3      | Reached skill level 4 in Earth Magic
  2265 | D:3      | Reached XP level 5. HP: 21/34 MP: 2/10
  2498 | D:3      | Reached XP level 6. HP: 36/39 MP: 6/11
  3096 | D:3      | Reached skill level 5 in Earth Magic
  3474 | D:3      | Learned a level 2 spell: Passwall
  3479 | D:3      | Learned a level 3 spell: Stone Arrow
  3485 | D:3      | Learned a level 5 spell: Lee's Rapid Deconstruction
  3777 | D:4      | Got a faintly glowing falchion
  3778 | D:4      | Identified the +5 falchion of Weimia {freeze, Int+5} (You
                  | found it on level 4 of the Dungeon)
  3814 | D:4      | Reached XP level 7. HP: 45/45 MP: 13/13
  3951 | D:4      | Reached skill level 1 in Conjurations
  4139 | D:5      | Entered Level 5 of the Dungeon
  4684 | D:5      | Found a staircase to the Ecumenical Temple.
  4697 | Temple   | Entered the Ecumenical Temple
  4801 | Temple   | Became a worshipper of Vehumet
  5594 | D:5      | Reached skill level 5 in Spellcasting
  5594 | D:5      | Reached skill level 6 in Earth Magic
  5594 | D:5      | Reached XP level 8. HP: 6/52 MP: 10/15
  6114 | D:5      | Found a staircase to the Ecumenical Temple.
  6218 | D:6      | Found an iron altar of Okawaru.
  6887 | D:6      | Found Gozag's Platinum Reserve.
  6903 | D:6      | Found an opulent altar of Gozag.
  6969 | D:6      | Reached skill level 1 in Shields
  6990 | D:6      | Found Qegun's Armour Boutique.
  7376 | D:7      | Noticed Prince Ribbit
  7567 | D:7      | Reached * piety under Vehumet
  7567 | D:7      | Offered knowledge of Freeze by Vehumet.
  7876 | D:7      | Reached skill level 7 in Earth Magic
  7876 | D:7      | Reached XP level 9. HP: 58/58 MP: 10/18
  8554 | D:7      | Killed Prince Ribbit
  8769 | D:8      | Noticed a two-headed ogre
  8798 | D:8      | Killed a two-headed ogre
  8798 | D:8      | Reached skill level 5 in Fighting
  8798 | D:8      | Reached skill level 8 in Earth Magic
  9275 | D:8      | Reached XP level 10. HP: 66/66 MP: 21/21
  9937 | D:9      | Reached skill level 9 in Earth Magic
 10758 | D:9      | Offered knowledge of Foxfire by Vehumet.
 11261 | D:9      | Reached ** piety under Vehumet
 11387 | D:10     | Entered Level 10 of the Dungeon
 11391 | D:10     | Noticed a gargoyle
 11393 | D:10     | Killed a gargoyle
 11393 | D:10     | Reached skill level 10 in Earth Magic
 11818 | D:10     | Identified Loegger's Reference Book on Bewitchment and
                  | Toxins
 12218 | D:11     | Noticed a two-headed ogre
 12227 | D:10     | Reached XP level 11. HP: 61/74 MP: 23/24
 12366 | D:10     | Killed a two-headed ogre
 12621 | D:11     | Noticed a cyclops
 12635 | D:11     | Killed a cyclops
 12872 | D:11     | Noticed a cyclops
 12905 | D:11     | Killed a cyclops
 12905 | D:11     | Offered knowledge of Searing Ray by Vehumet.
 12905 | D:11     | Reached skill level 10 in Spellcasting
 12905 | D:11     | Reached skill level 11 in Earth Magic
 13129 | D:11     | Found a portal to a secret trove of treasure.
 13277 | D:11     | Found a staircase to the Lair.
 13506 | D:11     | Noticed a manticore
 13509 | D:11     | Killed a manticore
 13511 | D:11     | Reached *** piety under Vehumet
 13848 | D:11     | Noticed a soul eater
 14076 | Lair:1   | Entered Level 1 of the Lair of Beasts
 14511 | Lair:1   | Noticed a five-headed hydra
 14516 | Lair:1   | Killed a five-headed hydra
 14516 | Lair:1   | Reached XP level 12. HP: 82/82 MP: 20/26
 14822 | Lair:1   | Reached skill level 12 in Earth Magic
 14822 | Lair:1   | Offered knowledge of Inner Flame by Vehumet.
 15596 | Lair:2   | Noticed Harold
 15602 | Lair:2   | Killed Harold
 16729 | Lair:3   | Noticed a four-headed hydra
 16740 | Lair:3   | Killed a four-headed hydra
 16740 | Lair:3   | Reached **** piety under Vehumet
 16746 | Lair:3   | Reached skill level 13 in Earth Magic
 17197 | Lair:3   | Learned a level 9 spell: Shatter
 17216 | Lair:3   | Noticed an eight-headed hydra
 17221 | Lair:3   | Killed an eight-headed hydra
 17338 | Lair:3   | Reached XP level 13. HP: 90/90 MP: 16/29
 17341 | Lair:3   | Offered knowledge of Bolt of Magma by Vehumet.
 17820 | Lair:3   | HP: 1/90 [jumping spider (8)]
 17820 | Lair:3   | Mangled by a jumping spider

Illustrated notes

Levels and vault maps discovered:
D:1:      tarquinn_simple_flora_water_b, layout_rooms
D:2:      layout_basic, chequers_ecumenical_altar_lobes, kennysheep_nondescript,
          nicolae_tso_carved_into_rock
D:3:      minmay_chambers_of_twos, layout_basic, minmay_joined_circles
D:4:      layout_cave_pools
D:5:      layout_cave_pools, minmay_temple_entry_glassed_door, first_ration
D:6:      layout_loops_corners, nicolae_overflow_crystal_walls, serial_shops,
          shop, nicolae_gozag_zags_fifth_avenue
D:7:      layout_loops_cross, uniq_prince_ribbit1
D:8:      layout_basic
D:9:      layout_basic
D:10:     layout_basic
D:11:     layout_roguey, david_lair_generic, nicolae_trove_entry_path_of_doom,
          portal_ice_cave_entry_pillars_1
Temple:   kilobyte_greek_temple
Lair:1:   layout_loops_ring
Lair:2:   layout_regular_city, serial_bayou_shore_b, grunt_megastairs_3,
          lemuel_fruit_fields, uniq_harold
Lair:3:   layout_cave_shapes, nicolae_spider_entry_tight_spaces, minmay_holes

Skill      XL: |  1  2  3  4  5  6  7  8  9 10 11 12 13 |
---------------+----------------------------------------+-----
Fighting       | 1 2 3 4 5 6 8 9 |  9.4
Spellcasting   | 3 4 5 6 7 9 10 12 | 12.2
Earth Magic    | 4 5 6 7 8 10 11 13 | 13.2
Conjurations   | 2 3 |  3.0
Shields        | 3 4 |  4.0
Transmutations | 2 |  2.0
Dodging        | |  2.0
Stealth        | |  2.6

Action                   |  1- 3 |  4- 6 |  7- 9 | 10-12 | 13-15 || total
-------------------------+-------+-------+-------+-------+-------++-------
Melee: Dagger            |    58 |    77 |       |       |       ||   135
       Constrict         |    17 |    17 |    14 |     6 |       ||    54
       Tentacles         |    10 |    10 |     8 |     5 |       ||    33
       Falchion          |       |     1 |    44 |    19 |       ||    64
 Cast: Sandblast         |    16 |    48 |    94 |    36 |     5 ||   199
       Stone Arrow       |       |     1 |    34 |   236 |    19 ||   290
       Lee's Rapid Decon |       |       |       |    47 |     4 ||    51
Evoke: Wand              |       |       |       |     3 |       ||     3
  Use: Scroll            |       |    10 |     4 |     4 |     1 ||    19
 Stab: Sleeping          |     6 |     6 |     6 |     1 |       ||    19
  Eat: Chunk             |     1 |    11 |    17 |    28 |     3 ||    60
Armor: Skin              |     6 |     8 |     2 |     1 |       ||    17
Dodge: Dodged            |    51 |    64 |    54 |    54 |     4 ||   227
Block: Buckler           |       |       |    10 |    42 |     4 ||    56
       Reflection        |       |       |       |     7 |       ||     7
       Rpst.: Falchion   |       |       |    16 |    15 |       ||    31

Table legend:
 A = Non-vault XP
 B = Vault XP
 C = Vault XP percentage of total XP
 D = Non-vault monster count
 E = Vault monster count
 F = Vault count percentage of total count
                 A         B        C        D         E       F
            +---------+---------+-------+---------+---------+-------
      Total |   31214 |    2684 |   7.9 |     302 |      26 |   7.9
            +---------+---------+-------+---------+---------+-------
        D:1 |      15 |       0 |   0.0 |      11 |       0 |   0.0
        D:2 |      81 |       0 |   0.0 |      26 |       0 |   0.0
        D:3 |     305 |      79 |  20.6 |      17 |      18 |  51.4
        D:4 |     191 |       0 |   0.0 |       9 |       0 |   0.0
        D:5 |     573 |       0 |   0.0 |      24 |       0 |   0.0
        D:6 |     430 |       0 |   0.0 |      21 |       0 |   0.0
        D:7 |    1349 |     246 |  15.4 |      22 |       1 |   4.3
        D:8 |    1860 |       0 |   0.0 |      21 |       0 |   0.0
        D:9 |    2787 |       0 |   0.0 |      35 |       0 |   0.0
       D:10 |    2524 |       0 |   0.0 |      12 |       0 |   0.0
       D:11 |    4909 |    1047 |  17.6 |      35 |       5 |  12.5
     Lair:1 |    5220 |       0 |   0.0 |      19 |       0 |   0.0
     Lair:2 |    5395 |    1023 |  15.9 |      29 |       1 |   3.3
     Lair:3 |    5575 |     289 |   4.9 |      21 |       1 |   4.5
            +---------+---------+-------+---------+---------+-------
